 Dungeon Crawl Stone Soup version 0.29-a0-824-gd827844252 (webtiles) character file.

Game seed: 12540747322324727622

156 jimonade the Covered (level 5, -3/43 HPs)
             Began as a Formicid Fighter on July 11, 2022.
             Slain by a gnoll
             ... wielding a +0 club
              (4 damage)
             ... on level 3 of the Dungeon.
             The game lasted 00:02:58 (2350 turns).

jimonade the Covered (Formicid Fighter)             Turns: 2350, Time: 00:02:59

Health: -3/43      AC:  7    Str: 20    XL:     5   Next: 65%
Magic:  5/5        EV:  9    Int: 10    God:
Gold:   133        SH:  5    Dex: 13    Spells: 4/4 levels left

rFire   . . .      SeeInvis +   a - +0 war axe
rCold   . . .      Faith    .   c - +0 buckler
rNeg    . . .      Spirit   .   b - +0 scale mail
rPois   .          Reflect  .   (helmet unavailable)
rElec   .          Harm     .   (no cloak)
rCorr   .          Rampage  .   (no gloves)
Will    .....                   (no boots)
Stlth   ..........              (no amulet)
HPRegen 0.14/turn               u - +4 ring of slaying
MPRegen 0.09/turn               (no ring)

@: no status effects
A: permanent stasis, dig shafts and tunnels, antennae 3, four strong arms
a: Dig, Shaft Self


You were on level 3 of the Dungeon.
You visited 1 branch of the dungeon, and saw 3 of its levels.

You collected 133 gold pieces.

Inventory:

Hand Weapons
 a - a +0 war axe (weapon)
 r - a +1 dagger of speed
Missiles
 m - 17 poisoned darts
Armour
 b - a +0 scale mail (worn)
 c - a +0 buckler (worn)
 k - a +0 ring mail
Jewellery
 p - a ring of fire
 u - a +4 ring of slaying (left hand)
Scrolls
 e - 2 scrolls of summoning {unknown}
 f - 2 scrolls of identify {unknown}
 l - a scroll of amnesia {unknown}
 n - a scroll of torment {unknown}
 t - a scroll of enchant armour {unknown}
Potions
 d - a potion of might
 g - 2 potions of attraction {unknown}
 h - 2 potions of degeneration {unknown}
 i - 2 potions of magic {unknown}
 j - a potion of lignification {unknown}
 o - a potion of cancellation {unknown}
 q - a potion of curing {unknown}
 s - a potion of heal wounds {unknown}


   Skills:
 * Level 4.3 Fighting
 + Level 3.2 Axes
 + Level 4.5 Armour
 - Level 0.2 Dodging
 - Level 0.3 Stealth
 + Level 4.5 Shields


You had 4 spell levels left.
You didn't know any spells.
Your spell library was empty.

Dungeon Overview and Level Annotations

Branches:
Dungeon (3/15)

Altars:
Gozag


Innate Abilities, Weirdness & Mutations

You cannot be hasted, slowed, berserked, paralysed or teleported.
You can dig through walls and to a lower floor.
You have a pair of large antennae on your head. (SInv)
Your four strong arms can wield two-handed weapons with a shield.


Message History

A gnoll comes into view. It is wielding a +0 club.
A gnoll comes into view. It is wielding a +0 spear.
The gnoll shouts!
You hear an angry hiss.
You block the gnoll's attack.
The gnoll hits you from afar with a +0 spear.
You slash the gnoll!
You kill the gnoll!
The gnoll hits you from afar with a +0 spear!
You block the gnoll's attack. The gnoll hits you but does no damage.
You see here a +0 halberd.
You slash the gnoll!
You kill the gnoll!
The gnoll hits you from afar with a +0 halberd!
A ball python comes into view.
You completely miss the gnoll.
The gnoll hits you from afar with a +0 halberd!
The gnoll hits you with a +0 club. You block the gnoll's attack.
You are too injured to fight recklessly!
You are too injured to fight recklessly!
You are too injured to fight recklessly!
You are too injured to fight recklessly!
Unknown command.
You slash the gnoll!
The gnoll is almost dead.
The gnoll hits you from afar with a +0 halberd!
* * * LOW HITPOINT WARNING * * *
The gnoll hits you with a +0 club.
* * * LOW HITPOINT WARNING * * *
You are too injured to fight recklessly!
You barely miss the gnoll.
The gnoll is almost dead.
The gnoll hits you with a +0 club.
* * * LOW HITPOINT WARNING * * *
The gnoll attacks as you move away! You block the gnoll's attack.
The gnoll attacks as you move away! You block the gnoll's attack.
The gnoll attacks as you move away! You block the gnoll's attack.
The gnoll attacks as you move away! The gnoll hits you with a +0 club.
* * * LOW HITPOINT WARNING * * *
The gnoll attacks as you move away! The gnoll hits you with a +0 club.
You die...

#.# #.# #.# ...
#.# ###
#.###.#####
#.........#
#######.###.#
######.......# #.#
.......#########@#
#########...g.Sg.#
##.########
#.........
#..#######
#.g######
#.......#
#.#####..ยง #.#


You could see 2 gnolls and a ball python.

Vanquished Creatures
  2 orc wizards (D:3)
  3 gnolls
  3 adders
  2 worms (D:2)
  A dart slug (D:2)
  2 orcs (D:3)
  3 ball pythons (D:2)
  3 bats
  4 endoplasms
  2 giant cockroaches (D:1)
  4 goblins
  5 hobgoblins
  A frilled lizard (D:2)
  4 kobolds
  5 rats
44 creatures vanquished.

Notes
Turn   | Place    | Note
-------+----------+-------------------------------------------
     0 | D:1      | jimonade the Formicid Fighter began the quest for the Orb.
     0 | D:1      | Reached XP level 1. HP: 18/18 MP: 1/1
    74 | D:1      | Reached XP level 2. HP: 13/24 MP: 2/2
   594 | D:1      | Reached XP level 3. HP: 16/30 MP: 3/3
  1004 | D:2      | Found an opulent altar of Gozag.
  1031 | D:2      | Found a faded altar of an unknown god.
  1359 | D:2      | Reached XP level 4. HP: 37/37 MP: 4/4
  2172 | D:3      | Reached XP level 5. HP: 40/42 MP: 5/5
  2349 | D:3      | HP: 1/43 [gnoll/+0 club (4)]
  2350 | D:3      | Slain by a gnoll

Illustrated notes

Levels and vault maps discovered:
D:1:      lemuel_arrival_behind_the_door_small, layout_loops_ring
D:2:      minmay_inner_zag, layout_basic, basic_altar,
          dreamdust_ecumenical_altar_statues
D:3:      layout_loops_ring, nicolae_dithmenos_the_darkroom,
          reono_crystal_passage

Skill      XL: |  1  2  3  4 |
---------------+-------------+-----
Armour         | 4 |  4.5
Fighting       | 4 |  4.3
Axes           | 3 |  3.2
Dodging        | |  0.2
Stealth        | |  0.3
Shields        | |  4.5

Action                   |  1- 3 |  4- 6 || total
-------------------------+-------+-------++-------
Melee: War axe           |    68 |    87 ||   155
Armor: Scale mail        |    27 |    59 ||    86
Dodge: Dodged            |    31 |    37 ||    68
Block: Buckler           |    18 |    15 ||    33

Table legend: (Time is in decaauts)
 A = Elapsed time spent in this place.
 B = Non-inter-level travel time spent in this place.
 C = Inter-level travel time spent in this place.
 D = Time resting spent in this place.
 E = Time spent auto-exploring this place.
 F = Levels seen in this place.
 G = Mean time per level.
                   A        B        C        D        E       F      G
               +--------+--------+--------+--------+--------+-----+--------+
         Total |   2411 |   2355 |     56 |      0 |   1874 |   3 |  803.7 |
       Dungeon |   2411 |   2355 |     56 |      0 |   1874 |   3 |  803.7 |
               +--------+--------+--------+--------+--------+-----+--------+

Top non-repeatable levels by time:
     D:2: 932 daAuts
     D:1: 891 daAuts
     D:3: 588 daAuts
